cohdb
Replays
Latest Replays
All Replays
Popular Replays
Top Player Replays
Match Explorer
How It Works
Community
CoH3 Stats
Reddit
Sign in to upload your games and track your stats! →
Sign in with Steam
Match 45736262
Unlisted
Match 45736262
Overview
Messages
Build Orders
End
Selects Luftwaffe Battlegroup
Construct Infanterie Kompanie
Grenadier Squad
Grenadier Squad
Grenadier Squad
Grenadier Squad
Selects Stuka Strafing Run
Stuka Strafing Run
Infanterie Officer Quarters
Selects Fallschirmjäger Squad Paradrop
Construct Panzergrenadier Kompanie
Stuka Strafing Run
企鹅爱子
sava4816
astartes42
Don Pitudo
Wellington
Ggumisin
0
0
Comments
sign in to comment!
No comments posted yet!